AoeStats
← Irving Legend

Arabia

503865286Analyzed
2v2 RM · 1mo ago on Sep 2, 2026· 73m 51s· 4 players
Game mode
Random Map
Map size
Medium (4 player)
Population
200
Speed
Normal
Resources
Standard
Victory
Conquest
Starting age
Dark Age
Ending age
Imperial Age
RankedLock teamsTeams togetherTeam positionsShared explorationLock speedFull tech treeHidden civsTurbo modeCheats
Victory
Defeat
🇨🇴 Wei · Colombia
1141
+15
🇨🇦 Ethiopians · Canada
1125
+16
🇨🇳 Gurjaras · China
1119
-15
🇨🇳 Franks · China
1119
-15
12kg
6:58 Loom
10:00 Feudal Age
11:03 Double-Bit Axe
14:43 Forging
17:01 Horse Collar
18:49 Bloodlines
24:06 Castle Age
22:17 Gold Mining
22:26 Stone Mining
25:16 Bow Saw
26:25 Scale Barding Armor
27:24 Husbandry
28:47 Iron Casting
30:11 Heavy Plow
32:26 Chain Barding Armor
32:45 Town Watch
33:41 Wheelbarrow
38:17 Herbal Medicine
41:16 Imperial Age
39:11 Hand Cart
41:32 Arson
41:48 Scale Mail Armor
41:27 Heavy Camel Rider
43:18 Chemistry
44:02 Conscription
45:50 Chain Mail Armor
46:11 Plate Barding Armor
46:39 Elite Chakram Thrower
52:54 Plate Mail Armor
57:08 Siege Elephant
62:33 Kshatriyas
63:12 Frontier Guards
86149343
0:48 Loom
11:22 Feudal Age
15:21 Castle Age
15:03 Double-Bit Axe
17:32 Gold Mining
20:05 Wheelbarrow
24:40 Bow Saw
25:31 Husbandry
26:07 Elite Skirmisher
35:09 Squires
36:41 Ballistics
38:01 Fletching
40:19 Scale Barding Armor
40:11 Bodkin Arrow
48:49 Imperial Age
46:35 Hand Cart
46:50 Chain Barding Armor
49:16 Cavalier
52:22 Plate Barding Armor
52:26 Gold Shaft Mining
55:16 Chemistry
56:29 Paladin
58:04 Padded Archer Armor
59:46 Leather Archer Armor
68:58 Conscription
72:33 Caravan
Thousk_
6:16 Loom
9:02 Feudal Age
9:50 Double-Bit Axe
17:36 Horse Collar
20:32 Castle Age
19:51 Bloodlines
19:41 Gold Mining
20:05 Scale Barding Armor
25:40 Forging
27:51 Fletching
28:40 Bodkin Arrow
32:16 Iron Casting
34:29 Ballistics
35:09 Padded Archer Armor
35:23 Husbandry
39:27 Imperial Age
39:22 Leather Archer Armor
39:28 Chain Barding Armor
40:12 Bracer
43:07 Heavy Hei Guang Cavalry
46:53 Blast Furnace
48:30 Parthian Tactics
48:52 Pikeman
50:49 Scale Mail Armor
51:05 Halberdier
53:16 Chain Mail Armor
53:46 Light Cavalry
58:53 Hussar
Irving Legend
6:52 Loom
9:53 Feudal Age
10:49 Double-Bit Axe
12:49 Fletching
15:47 Horse Collar
20:13 Castle Age
18:32 Gold Mining
19:43 Padded Archer Armor
20:21 Crossbowman
21:05 Bodkin Arrow
20:32 Crossbowman
22:52 Bow Saw
25:15 Ballistics
26:14 Thumb Ring
27:02 Leather Archer Armor
36:19 Imperial Age
35:18 Heavy Plow
36:57 Masonry
37:03 Bracer
38:21 Chemistry
38:36 Conscription
37:59 Arbalester
39:51 Ring Archer Armor
39:21 Scale Mail Armor
41:06 Wheelbarrow
40:16 Town Watch
41:36 Siege Engineers
42:57 Torsion Engines
46:38 Two-Man Saw
46:16 Gold Shaft Mining
45:31 Stone Mining
48:13 Stone Shaft Mining
48:35 Architecture
51:07 Halberdier
51:48 Squires
52:04 Chain Mail Armor
52:00 Forging
67:40 Caravan
68:26 Coinage
68:07 Guilds
72:08 Plate Mail Armor
73:02 Banking
Connection lost

Rejoining the realm…

Still unreachable

The connection could not be restored.

Session expired

The server has moved on; the page needs a fresh start.